 Dungeon Sprint DCSS version 0.31-a0-986-g5e6e4ef867 (webtiles) character file.

Game seed: 1833482359135412077

0 rocky1 the Ruffian (level 1, -2/16 HPs)
             Began as a Draconian Shapeshifter on Nov 24, 2023.
             Was an Initiate of Cheibriados.
             Slain by Sigmund
             ... wielding a +4 scythe of flaming
              (14 damage)
             ... in the Dungeon (Sprint VI: "Thunderdome").
             The game lasted 00:00:52 (73 turns).

rocky1 the Ruffian (Draconian Shapeshifter)           Turns: 73, Time: 00:00:53

Health: -2/16      AC:  4    Str: 17    XL:     1   Next: 75%
Magic:  1/1        EV: 12    Int: 11    God:    Cheibriados [......]
Gold:   200        SH:  0    Dex: 11    Spells: 0/0 levels left

rFire   . .          .
                       - Unarmed
rCold   . . .        (no shield)
rNeg    . . .        (body armour unavailable)
rPois   .            (helmet currently unavailable)
rElec   .            (cloak currently unavailable)
rCorr   .            (gloves currently unavailable)
SInv    .            (boots currently unavailable)
Will    .....        (no amulet)
Stlth   +            (no ring)
HPRegen 0.22/turn    (no ring)
MPRegen 0.07/turn

%: no teleportation
@: beast-form, very slow
A: beast (slay +2), AC +4, unfitting armour, cold-blooded
a: Begin Untransformation, Renounce Religion


You were in the Dungeon.
You worshipped Cheibriados.
Cheibriados was noncommittal.
You were a hulking beast.
You visited 1 branch You collected 200 gold pieces.

Inventory:

Talismans
 b - a beast talisman
 c - a flux talisman
Wands
 k - a wand of quicksilver (5)
 l - a wand of iceblast (3) (quivered)
Scrolls
 i - 4 scrolls of blinking
 m - 3 scrolls of fog
Potions
 a - a potion of lignification
 e - 4 potions of heal wounds
 f - 4 potions of haste
 g - 2 potions of magic
 h - a potion of berserk rage
 j - a potion of resistance


   Skills:
 + Level 1.1 Fighting
 + Level 2.0 Dodging
 + Level 3.8 Unarmed Combat
 + Level 3.8 Shapeshifting


You couldn't memorise any spells.
You didn't know any spells.
Your spell library was empty.

Dungeon Overview and Level Annotations

Branches:
Dungeon (1/1)

Altars:
Cheibriados
Dithmenos
Fedhas
Gozag
Kikubaaqudgha
Makhleb
Okawaru
Qazlal
Ru
Sif Muna
Trog
Uskayaw
Vehumet
Wu Jian
Xom
Yredelemnul
Zin
The Shining One
Lugonu

Shops:
D *[=??*?*:[((!!!!

Annotations:
D Sigmund


Innate Abilities, Weirdness & Mutations

You are a hulking beast.
Your limbs bulge with bestial killing power. (Slay +2)
Your plain brown scales are hard. (AC +4)
You cannot fit into any form of body armour.
You are cold-blooded and may be slowed by cold attacks.


Message History

You see here a +0 dagger.
A rat comes into view.
There is a snail-covered altar of Cheibriados here.
You kneel at the altar of Cheibriados.
Cheibriados welcomes you!
Cheibriados begins to support your attributes as your movement slows.
Cheibriados is now slowing the effects of poison on you.
The rat bites you but does no damage.
There is a glowing silver altar of Zin here.
You closely miss the rat. The rat misses you.
You hit the rat.
You kill the rat!
Cheibriados appreciates the change of pace.
No target in view! 50...
Found Ysabboigh's Must-Have Magic and Lismaw's Magic Scroll Shop.
Sigmund the Dreaded comes into view.
He is wielding a +4 scythe of flaming.
Sigmund shouts!
Sigmund casts a spell at you.
You are confused.
You are too confused!
You are too confused!
You feel better.
Aiming: Iceblast
Press: ? - help, Q - select action, (/) - cycle Shift-Dir - straight line, f - Sigmund
Aim: Sigmund, wielding a +4 scythe of flaming and wearing a +0 robe The mass of ice explodes!
The iceblast engulfs Sigmund!
Sigmund is moderately wounded.
Sigmund says, "Your kind have come here before.
I understand now why.
You desire death..."
Sigmund hits you from afar with a +4 scythe of flaming.
Sigmund burns you.
Aiming: Iceblast
Press: ? - help, Q - select action, (/) - cycle Shift-Dir - straight line, f/p - Sigmund
Aim: Sigmund, wielding a +4 scythe of flaming and wearing a +0 robe (moderately wounded)
The mass of ice explodes!
The iceblast engulfs Sigmund!
Sigmund is almost dead.
Sigmund hits you from afar with a +4 scythe of flaming!
Ouch! That really hurt!
You die...
Sigmund begins carving another notch in his scythe.

#.....# ##.....## ##∩.....∩##
#∩.......∩# #_......._#
#_.....@._# #_......._#
###......h..###
#⌠...........⌠#
######.8.........8.######
##∩__.......###......___∩##
#∩........8.# #.8........∩##
............###.............#
.........###...###..........⌠#
.........# #.<.# #..........⌠#
.........###...###..........⌠#


You could see Sigmund.

Vanquished Creatures
  A worm (D)
  2 goblins (D)
  A rat (D)
4 creatures vanquished.

Notes
Turn   | Place    | Note
-------+----------+-------------------------------------------
     0 | D        | rocky1 the Draconian Shapeshifter began the quest for the
                  | Orb.
     0 | D        | Reached XP level 1. HP: 16/16 MP: 1/1
     4 | D        | Found a hide-covered altar of Uskayaw.
     5 | D        | Found a basalt altar of Yredelemnul.
     5 | D        | Found a radiant altar of Vehumet.
     5 | D        | Round 1.
     6 | D        | Found an ancient bone altar of Kikubaaqudgha.
     6 | D        | Found a bloodstained altar of Trog.
     7 | D        | Found a shadowy altar of Dithmenos.
     7 | D        | Found an opulent altar of Gozag.
     7 | D        | Found a shimmering altar of Xom.
     7 | D        | Found Veof's Magic Scroll Shop.
     7 | D        | Found Ceolail's Staff Store.
     8 | D        | Found Werefaint's Timeless Talismans.
     8 | D        | Found a stormy altar of Qazlal.
     8 | D        | Found Wiagh's Identification Station.
     9 | D        | Found Karo's Jewellery.
     9 | D        | Found Qec Ymma's Advanced Armour.
    12 | D        | Found a sacrificial altar of Ru.
    13 | D        | Found a shimmering blue altar of Sif Muna.
    23 | D        | Found a burning altar of Makhleb.
    28 | D        | Found Leexuh's Premium Goods.
    29 | D        | Found Xitaes's Miscellaneous Merchandise.
    29 | D        | Found Xoevysae's Basic Armour.
    30 | D        | Found an iron altar of Okawaru.
    30 | D        | Found a corrupted altar of Lugonu.
    30 | D        | Found a glowing golden altar of the Shining One.
    30 | D        | Found Getilaki's Weapon Rack.
    39 | D        | Found a blossoming altar of Fedhas.
    42 | D        | Found Qile's Do-It-Yourself Clinic.
    43 | D        | Found Fiemeka's Bottled Wisdom.
    43 | D        | Found Vynoso's Distillery.
    44 | D        | Found a glowing silver altar of Zin.
    44 | D        | Found a snail-covered altar of Cheibriados.
    44 | D        | Found an ornate altar of the Wu Jian Council.
    44 | D        | Found Pohoridd's Distillery.
    59 | D        | Became a worshipper of Cheibriados the Contemplative
    67 | D        | Found Ysabboigh's Must-Have Magic.
    67 | D        | Found Lismaw's Magic Scroll Shop.
    67 | D        | Noticed Sigmund
    73 | D        | Slain by Sigmund

Illustrated notes

Levels and vault maps discovered:
D:        arena_sprint

Skill      XL: |  1 |
---------------+----+-----
Dodging        | 2 |  2.0
Fighting       | |  1.1
Unarmed Combat | |  3.8
Shapeshifting  | |  3.8

Action                     || total
---------------------------++-------
  Melee: Unarmed           ||    15
         Tailslap          ||     2
  Evoke: Wand              ||     2
    Use: Potion            ||     1
 Armour: Skin              ||     8
  Dodge: Dodged            ||     6

Table legend: (Time is in decaauts)
 A = Elapsed time spent in this place.
 B = Non-inter-level travel time spent in this place.
 C = Inter-level travel time spent in this place.
 D = Time resting spent in this place.
 E = Time spent auto-exploring this place.
 F = Levels seen in this place.
 G = Mean time per level.
                   A        B        C        D        E       F      G
               +--------+--------+--------+--------+--------+-----+--------+
         Total |     75 |     75 |      0 |      0 |      0 |   1 |   75.0 |
       Dungeon |     75 |     75 |      0 |      0 |      0 |   1 |   75.0 |
               +--------+--------+--------+--------+--------+-----+--------+

Top non-repeatable levels by time:
       D: 75 daAuts
